 Dungeon Crawl Stone Soup version 0.17-a0-1718-g72dbe4d (webtiles) character file.

46 kae the Slasher (level 3, 0/31 HPs)
             Began as a Minotaur Fighter on Aug 24, 2015.
             Slain by an orc
             ... wielding a +0 flail
              (10 damage)
             ... on level 2 of the Dungeon.
             The game lasted 00:00:34 (1278 turns).

kae the Slasher (Minotaur Fighter)                  Turns: 1278, Time: 00:00:34

Health: 0/31       AC:  6    Str: 20    XL:     3   Next: 46%
Magic:  2/2        EV:  7    Int:  6    God:
Gold:   116        SH:  9    Dex:  9    Spells: 0 memorised, 2 levels left

rFire  . . .     SeeInvis .     a - +0 long sword
rCold  . . .     Clarity  .     b - +0 scale mail
rNeg   . . .     SustAt   .     c - +0 shield
rPois  .         Gourm    .     (helmet restricted)
rElec  .         Spirit   .     (no cloak)
rCorr  .         Warding  .     (no gloves)
rMut   .         Stasis   .     (no boots)
MR     .....                    (no amulet)
Stlth  ..........               (no ring)
                                (no ring)

@: not resistant to hostile enchantments, extremely unstealthy
A: retaliatory headbutt, horns 2
a: no special abilities


You were on level 2 of the Dungeon.
You were very hungry.

You visited 1 branch of the dungeon, and saw 3 of its levels.

You collected 116 gold pieces.

Inventory:

Hand weapons
 a - a +0 long sword (weapon)
Armour
 b - a +0 scale mail (worn)
 c - a +0 shield (worn)
Scrolls
 f - 3 scrolls of noise {unknown}
 g - a scroll of fear {unknown}
 j - a scroll of remove curse {unknown}
 k - a scroll of blinking {unknown}
 l - 3 scrolls of teleportation {unknown}
 o - 4 scrolls of identify {unknown}
 p - a scroll of enchant weapon {unknown}
Potions
 d - a potion of might
 m - a potion of haste {unknown}
 n - 2 potions of lignification {unknown}
Comestibles
 e - 2 bread rations
 h - a slice of pizza
 i - 2 meat rations


   Skills:
 - Level 3.6 Fighting
 + Level 4.7 Long Blades
 - Level 3.6 Armour
 - Level 3.6 Shields


You had 2 spell levels left.
You didn't know any spells.

Dungeon Overview and Level Annotations

Branches:
Dungeon (3/15)

Altars:


Innate Abilities, Weirdness & Mutations

You reflexively headbutt those who attack you in melee.
You have a pair of horns on your head.


Message History

There is a stone staircase leading up here.
Unknown command.
The bat hits you but does no damage. You block the orc's attack.
The orc hits you. The orc hits you but does no damage.
The bat hits you but does no damage.
You climb upwards.
There is a stone staircase leading down here.
Unknown command.
You hit the orc but do no damage.
The orc is almost dead.
You block the bat's attack. You block the orc's attack.
The orc hits you but does no damage. x2
Your shield and scale mail prevent you from hitting the orc.
The orc is severely wounded.
The orc hits you. You block the orc's attack.
The orc hits you but does no damage.
You closely miss the orc. Your headbutt misses the orc.
The orc is severely wounded.
The orc hits you. The orc hits you with a flail!
You die...

##..#####################
#[.# #...........# #..#
#.#########.# #..# #.#
###...#.# #..#
#.###.......# #### #..#
#[#.†.##....# #... #..#
#...####.<..####+## #..#
#.######.#..##..... #..#
#o@o.........#.....
#..###o####.###.###.....
#......####.......#.....
##.######...########.#.#.
#.............#......#.#.
#########...#.#....###.##
#...#.'..........
#######....###.##
#).....#.#.


You could see 3 orcs.

Vanquished Creatures
  An adder (D:3)
  An ooze (D:2)
  A worm (D:2)
  An orc (D:3)
  A bat (D:2)
  2 giant cockroaches
  7 hobgoblins
  3 jackals (D:1)
  A ball python (D:2)
  4 giant newts
  2 goblins
  2 kobolds
  7 rats (D:1)
33 creatures vanquished.

Notes
Turn   | Place    | Note
--------------------------------------------------------------
     0 | D:1      | kae the Minotaur Fighter began the quest for the Orb.
     0 | D:1      | Reached XP level 1. HP: 19/19 MP: 0/0
   151 | D:1      | Reached XP level 2. HP: 17/26 MP: 1/1
   745 | D:2      | Reached skill level 4 in Long Blades
   901 | D:2      | Reached XP level 3. HP: 29/31 MP: 2/2
  1266 | D:3      | Found a faded altar to an unknown god.
  1278 | D:2      | Slain by an orc

Vault maps used:
D:1:      dpeg_arrival_ratfight
D:2:      wad_pebble_path, kennysheep_minor_cross
D:3:      lemuel_round_altar, ecumenical_altar_1

Action                   || total
-------------------------++-------
Melee: Long sword        ||    74
